 Dungeon Crawl Stone Soup version 0.20.1-1-g8b1a95d (webtiles) character file.

3795 Monsterracer the Covert (level 9, 0/44 HPs)
             Began as a Spriggan Enchanter on Aug 8, 2017.
             Was a Priest of Dithmenos.
             Slain by a hell rat (12 damage)
             ... on level 8 of the Dungeon.
             The game lasted 00:39:24 (11348 turns).

Monsterracer the Covert (Spriggan Enchanter)       Turns: 11348, Time: 00:39:25

Health: 0/44       AC:  3    Str:  4    XL:     9   Next: 96%
Magic:  8/16       EV: 24    Int: 17    God:    Dithmenos [***...]
Gold:   334        SH:  0    Dex: 19    Spells: 4/16 levels left

rFire    . . .     SeeInvis +   a - +1 dagger
rCold    . . .     Gourm    .   (shield restricted)
rNeg     . . .     Faith    +   o - +1 robe {MR+}
rPois    .         Spirit   .   (helmet restricted)
rElec    .         Reflect  .   (no cloak)
rCorr    .         Harm     .   (gloves unavailable)
MR       ++...                  (boots unavailable)
Stlth    ++++++++..             y - amulet of faith
Regen    0.2/turn               (no ring)
MPRegen  0.2/turn               (no ring)

@: very slightly contaminated, wreathed by umbra, drained, very quick
A: unfitting armour, hooves 1, camouflage 1, see invisible, herbivore 3, speed
3, slow metabolism 2
a: Shadow Step, Renounce Religion


You were on level 8 of the Dungeon.
You worshipped Dithmenos.
Dithmenos was most pleased with you.
You were full.

You visited 1 branch of the dungeon, and saw 8 of its levels.
You also visited: Ossuary.

You collected 334 gold pieces.

Inventory:

Hand Weapons
 a - a +1 dagger (weapon)
 b - a +1 blowgun
Missiles
 n - a throwing net (quivered)
 t - 26 poisoned needles
Armour
 o - a +1 robe of magic resistance (worn)
Jewellery
 y - an amulet of faith (around neck)
Wands
 f - a wand of polymorph (9/24)
 x - a wand of polymorph (0/24)
 D - a wand of iceblast (4/15)
Scrolls
 c - 5 scrolls of magic mapping
 g - 3 scrolls of fog
 h - a scroll of enchant armour
 i - 3 scrolls of teleportation
 l - 5 scrolls of remove curse
 w - 2 scrolls of fear
 B - a scroll of blinking
 C - a scroll of recharging
Potions
 e - a potion of flight
 j - a potion of magic
 k - 3 potions of resistance
 m - a potion of cancellation {unknown}
 p - 4 potions of brilliance
 q - a potion of invisibility
 u - a potion of degeneration {unknown}
 v - 2 potions of curing
 z - 3 potions of haste
Comestibles
 d - 3 bread rations


   Skills:
 - Level 3.1(2.5) Fighting
 * Level 8.2(7.4) Short Blades
 - Level 8.1(7.3) Dodging
 + Level 11.9(11.1) Stealth
 - Level 4.2(3.4) Spellcasting
 - Level 7.0(6.2) Hexes
 - Level 4.0(3.3) Invocations


You had 4 spell levels left.
You knew the following spells:

 Your Spells              Type           Power        Failure   Level  Hunger
a - Tukima's Dance        Hex            ###.....     3%          3    ###....
b - Ensorcelled Hibernat  Hex/Ice        ##....       7%          2    ##.....
c - Confuse               Hex            ###.....     3%          3    ###....
d - Dazzling Spray        Conj/Hex       ##....       14%         3    ###....
z - Apportation           Tloc           #.....       17%         1    None


Dungeon Overview and Level Annotations

Branches:
Dungeon (8/15)             Temple (0/1) D:6
   Lair: D:8-11

Altars:
Ashenzari
Dithmenos
Elyvilon
Nemelex Xobeh
Okawaru
Ru
Vehumet

Shops:
D:7 %(%?


Innate Abilities, Weirdness & Mutations

You are very small and have problems with some larger weapons.
You are too small for most types of armour.
You have supernaturally acute eyesight. (SInv)
You are a herbivore.
You cover ground extremely quickly.
You need consume almost no food.
You have large cloven feet.
Your skin changes colour to match your surroundings (Stealth+).


Message History

Press: ? - help, Shift-Dir - straight line, f/p - big kobold
Aim: a big kobold, wielding a whip (moderately wounded, umbra)
The spray of energy hits the big kobold.
The big kobold is heavily wounded.
The big kobold is dazzled.
The spray of energy hits the hell rat.
The hell rat is moderately wounded.
The hell rat is dazzled.
The spray of energy hits the leopard gecko.
The leopard gecko is heavily wounded.
The hell rat completely misses you. The leopard gecko closely misses you.
The big kobold misses you.
You hit the hell rat but do no damage.
You kick the hell rat, but do no damage.
The hell rat is moderately wounded.
The crimson imp spits at you. The hell rat completely misses you.
The leopard gecko barely misses you.
You hit the hell rat. You kick the hell rat.
The hell rat is heavily wounded.
The crimson imp blinks!
The hell rat bites you!
You die...

.. ..#...rrK.## .<# ..
>.#..#.....#.(.# #.
.#....5.........# #.##.
#..K..# #...
#####5K..##..
#..####...(.........#
#..##Kr...#....####.#
#..##r###.#.#.## #..†@K#
#.....# ##.##l###.....#
#.##KKr..#.###
##############†###§...#.#
...........)...)........#
##############.........##
###..##......
###.#.#.5.### #........##


You could see a big kobold (blind), 2 hell rats, a crimson imp, a leopard gecko,
a quokka and 3 kobolds.

Vanquished Creatures
  A two-headed ogre (D:7)
  Grinder (D:5)
  A hippogriff (D:7)
  3 steam dragons (D:7)
  Menkaure (D:4)
  A water moccasin (D:5)
  An orc warrior (D:8)
  2 ogres
  A centaur (D:6)
  2 big kobolds (D:7)
  A bullfrog (D:6)
  A wyvern zombie (D:6)
  A scorpion (D:4)
  2 crimson imps
  3 bullfrog zombies (Ossuary)
  2 hounds (D:4)
  4 jellies
  4 centaur zombies (Ossuary)
  2 orc priests
  6 orc wizards
  3 bullfrog skeletons
  A centaur skeleton (D:7)
  Jessica (D:3)
  4 iguanas
  Ijyb (D:3)
  3 worker ants
  2 killer bee zombies (Ossuary)
  3 hound zombies (Ossuary)
  2 worker ant zombies (Ossuary)
  8 mummies (Ossuary)
  3 gnolls (D:5)
  6 adders
  A shadow imp (D:7)
  3 adder zombies
  An adder skeleton (D:7)
  3 worms
  4 dart slugs
  9 leopard geckos
  27 orcs
  4 giant cockroaches
  7 goblins
  5 hobgoblins
  4 jackals
  3 quokkas
  10 bats
  6 frilled lizards
  A jackal skeleton (D:5)
  16 kobolds
  A leopard gecko skeleton (D:6)
  9 rats
191 creatures vanquished.

Vanquished Creatures (others)
  2 withered plants (Ossuary)
2 creatures vanquished.

Grand Total: 193 creatures vanquished

Notes
Turn   | Place    | Note
-------+----------+-------------------------------------------
     0 | D:1      | Monsterracer the Spriggan Enchanter began the quest for the Orb.
     0 | D:1      | Reached XP level 1. HP: 9/9 MP: 5/5
   193 | D:1      | Reached XP level 2. HP: 13/13 MP: 6/6
   243 | D:1      | HP: 4/13 [hobgoblin/club (7)]
   262 | D:1      | Learned a level 2 spell: Ensorcelled Hibernation
   517 | D:1      | Reached skill level 5 in Stealth
  1074 | D:2      | Reached XP level 3. HP: 16/16 MP: 8/8
  1397 | D:2      | Learned a level 3 spell: Confuse
  1483 | D:2      | Reached skill level 6 in Stealth
  1824 | D:2      | HP: 8/16 [goblin (3)]
  1827 | D:2      | Reached XP level 4. HP: 9/21 MP: 9/9
  2266 | D:2      | Found a sacrificial altar of Ru.
  2266 | D:2      | Found a shattered altar of Ashenzari.
  2275 | D:2      | Found an iron altar of Okawaru.
  2279 | D:2      | Found a radiant altar of Vehumet.
  2280 | D:2      | Found a faded altar of an unknown god.
  2446 | D:3      | Noticed Ijyb
  2448 | D:3      | Killed Ijyb
  2770 | D:3      | Reached XP level 5. HP: 22/24 MP: 10/10
  2977 | D:3      | Noticed Jessica
  2988 | D:3      | Killed Jessica
  2988 | D:3      | Reached skill level 7 in Stealth
  3298 | D:3      | Learned a level 3 spell: Dazzling Spray
  3901 | D:3      | HP: 12/24 [jackal (1)]
  4056 | D:3      | HP: 3/24 [orc priest/nerve-wracking pain (14)]
  4442 | D:4      | HP: 9/24 [orc/hand axe (4)]
  4447 | D:4      | Reached XP level 6. HP: 11/28 MP: 6/11
  4455 | D:4      | HP: 9/28 [orc/short sword (2)]
  4459 | D:4      | Reached skill level 5 in Short Blades
  4699 | D:4      | Reached skill level 8 in Stealth
  4746 | D:4      | Found a shadowy altar of Dithmenos.
  4751 | D:4      | Became a worshipper of Dithmenos the Shadowed
  4849 | D:4      | Noticed Menkaure
  4853 | D:4      | Killed Menkaure
  4879 | D:4      | Reached skill level 5 in Hexes
  5001 | D:4      | Got an ivory long sword
  5006 | D:4      | Identified the +7 long sword "Lengug" {flame, rN+} (You found it on level 4 of the Dungeon)
  5265 | D:5      | Entered Level 5 of the Dungeon
  5277 | D:5      | Reached XP level 7. HP: 32/32 MP: 13/13
  5400 | D:5      | Learned a level 3 spell: Tukima's Dance
  5485 | D:5      | Learned a level 1 spell: Apportation
  5573 | D:5      | Reached * piety under Dithmenos
  5685 | D:5      | Found a sand-covered staircase.
  5772 | Ossuary  | Entered an ossuary
  5842 | Ossuary  | HP: 16/32 [adder zombie (2)]
  5854 | Ossuary  | Reached skill level 1 in Invocations
  5858 | Ossuary  | HP: 2/32 [mummy (14)]
  5883 | Ossuary  | HP: 4/48 [bullfrog zombie (3)]
  5893 | Ossuary  | Reached skill level 1 in Fighting
  5894 | Ossuary  | HP: 10/49 [bog mummy (1)]
  5896 | Ossuary  | Reached XP level 8. HP: 11/37 MP: 0/15
  5901 | Ossuary  | Reached skill level 5 in Dodging
  5905 | Ossuary  | Reached ** piety under Dithmenos
  5969 | Ossuary  | HP: 13/37 [hound zombie (2)]
  6317 | Ossuary  | HP: 17/37 [killer bee zombie (7)]
  7075 | D:5      | Noticed Grinder
  7088 | D:5      | Killed Grinder
  7528 | D:6      | Found a sparkling altar of Nemelex Xobeh.
  7886 | D:6      | Found a white marble altar of Elyvilon.
  8098 | D:6      | HP: 14/40 [wyvern zombie (14)]
  8099 | D:6      | HP: 3/40 [wyvern zombie (11)]
  8413 | D:6      | Found a staircase to the Ecumenical Temple.
  8579 | D:7      | Reached XP level 9. HP: 36/44 MP: 16/16
  8837 | D:7      | HP: 16/44 [iguana (11)]
  8838 | D:7      | HP: 2/44 [iguana (14)]
  8840 | D:7      | Gained mutation: Your skin changes colour to match your surroundings (Stealth+). [potion of mutation]
  8840 | D:7      | Gained mutation: You have large cloven feet. [potion of mutation]
  8850 | D:7      | Reached *** piety under Dithmenos
  8850 | D:7      | Reached skill level 9 in Stealth
  8889 | D:7      | Found Mutuf's Food Shoppe.
  9138 | D:7      | Found Qaoleh's Food Shoppe.
  9138 | D:7      | Found Qubb's Magic Scroll Shoppe.
  9144 | D:7      | Found Gibym's Weapon Shoppe.
  9238 | D:7      | HP: 17/44 [orc wizard/vampiric dagger (6)]
  9243 | D:7      | HP: 10/44 [orc wizard/magic dart (5)]
  9276 | D:7      | HP: 8/44 [orc/short sword (5)]
  9703 | D:7      | HP: 21/44 [orc wizard/magic dart (6)]
  9712 | D:7      | HP: 16/44 [orc wizard/magic dart (6)]
  9736 | D:7      | HP: 10/44 [orc wizard/magic dart (8)]
 10049 | D:7      | Noticed a two-headed ogre
 10055 | D:7      | Killed a two-headed ogre
 10055 | D:7      | Reached skill level 11 in Stealth
 10359 | D:7      | HP: 15/44 [orc priest/divine providence (14)]
 11344 | D:8      | HP: 20/44 [big kobold/whip (3)]
 11348 | D:8      | Slain by a hell rat

Skill      XL: |  1  2  3  4  5  6  7  8  9 |
---------------+----------------------------+-----
Stealth        | 5 6 7 8 11 | 11.9
Short Blades   | 2 3 4 5 8 |  8.2
Spellcasting   | 3 4 |  4.2
Hexes          | 5 7 |  7.0
Invocations    | 1 4 |  4.0
Dodging        | 4 8 |  8.1
Fighting       | 1 3 |  3.1

Action                   |  1- 3 |  4- 6 |  7- 9 || total
-------------------------+-------+-------+-------++-------
Melee: Dagger            |   127 |   184 |   850 ||  1161
       Short sword       |       |     9 |       ||     9
       Kick              |       |       |    46 ||    46
 Fire: Blowgun           |       |       |     4 ||     4
 Cast: Corona            |     1 |     1 |       ||     2
       Ensorcelled Hiber |     6 |    18 |    65 ||    89
       Confuse           |       |     1 |    15 ||    16
       Dazzling Spray    |       |       |     7 ||     7
Invok: Shadow Step       |       |       |     1 ||     1
Evoke: Wand              |       |       |     5 ||     5
  Use: Scroll            |       |    15 |     7 ||    22
       Potion            |       |       |     6 ||     6
 Stab: Sleeping          |    16 |    25 |    47 ||    88
       Distracted        |       |     2 |     3 ||     5
       Confused          |       |     1 |    10 ||    11
       Invisible         |       |       |     1 ||     1
  Eat: Royal jelly       |       |     2 |     2 ||     4
       Bread ration      |       |       |     2 ||     2
Armor: Robe              |    14 |    17 |    22 ||    53
       Skin              |       |       |    27 ||    27
Dodge: Dodged            |    86 |   119 |   501 ||   706
